Map: Catalyst LE

Players

TuneTrigger

  • Race: Terran Terran
  • League: Diamond
  • Spawn Location: 11:00

K.I.-1 (Extrem) - Winner!

  • Race: Zerg Zerg
  • Spawn Location: 5:00

VOD

Have the link to the VOD?

Description

Time

  • Played on: April 26, 2018, 2:14 p.m.
  • Length: 12:28
Show
View Real Time Build Order
Export as new Build Order

TuneTrigger Terran 

Build Orders: Reaper Expand, Hellion Banshee, Mech 

Get SALT Encoding   

  12  0:02  SCV  
  13  0:14  SCV  
  13  0:19  Supply Depot  
  14  0:26  SCV  
  14  0:28  Refinery  
  15  0:41  SCV  
  16  0:45  Barracks  
  16  0:53  SCV  
  17  1:05  SCV  
  18  1:17  SCV  
  19  1:32  Reaper  
  21  1:35  Orbital Command  
  20  1:52  Command Center  
  20  2:01  SCV  
  20  2:06  Factory  
  20  2:07  Barracks Reactor  
  21  2:13  SCV  
  22  2:16  Refinery  
  22  2:24  Supply Depot  
  22  2:25  SCV  
  23  2:45  SCV  
  24  2:56  Hellion x2  
  28  3:01  Starport  
  28  3:03  Orbital Command  
  28  3:07  SCV  
  29  3:19  SCV  
  30  3:22  Hellion x2  
  33  3:29  SCV  
  33  3:31  SCV  
  35  3:38  Starport Tech Lab  
  35  3:41  SCV  
  36  3:49  SCV  
  36  3:53  SCV, Hellion  
  36  3:54  Hellion  
  42  3:59  Supply Depot  
  42  4:00  Banshee, Cloaking Field  
  42  4:01  SCV  
  46  4:05  SCV  
  45  4:13  SCV  
  44  4:17  SCV  
  44  4:20  Hellion x2  
  45  4:25  SCV  
  45  4:29  Supply Depot, SCV  
  47  4:40  Factory x2  
  47  4:43  Banshee  
  52  4:46  Hellion x2  
  52  4:50  SCV x2  
  56  5:03  SCV x2  
  56  5:06  Command Center  
  58  5:10  Refinery  
  58  5:11  Refinery  
  58  5:14  Barracks Tech Lab  
  58  5:15  SCV x2  
  60  5:22  Supply Depot  
  60  5:25  Armory x2  
  60  5:27  SCV  
  61  5:31  SCV  
  62  5:44  Siege Tank, SCV, Hellion x2  
  70  5:56  Engineering Bay  
  70  6:00  Supply Depot x2  
  70  6:13  Terran Vehicle And Ship Armor Level 1, Terran Vehicle Weapons Level 1  
  70  6:17  Siege Tank, SCV  
  70  6:18  SCV, Hellion x3  
  81  6:22  Supply Depot x2  
  81  6:39  Siege Tank, Orbital Command, Hellion  
  86  6:41  SCV  
  86  6:43  Hellion  
  89  6:47  Missile Turret x2  
  89  6:50  Siege Tank  
  92  7:05  Orbital Command  
  92  7:08  Hellion x2  
  96  7:11  Siege Tank  
  99  7:22  Siege Tank  
  102  7:29  Hellion  
  104  7:31  Supply Depot  
  104  7:32  Supply Depot, Refinery  
  104  7:36  Refinery  
  104  7:37  Supply Depot, Missile Turret  
  104  7:38  Hellion, SCV  
  104  7:39  SCV x2  
  104  7:43  Siege Tank  
  112  7:49  Supply Depot  
  112  7:51  SCV x3  
  115  8:03  SCV x3  
  118  8:09  Supply Depot  
  118  8:13  Siege Tank, Hellion  
  118  8:14  Hellion  
  118  8:15  Siege Tank, SCV x2  
  118  8:19  Terran Vehicle Weapons Level 2  
  130  8:20  Terran Vehicle And Ship Armor Level 2  
  130  8:24  SCV  
  131  8:27  SCV x2  
  131  8:33  Supply Depot  
  133  8:35  Hellion  
  133  8:38  Supply Depot  
  133  8:39  Supply Depot  
  133  8:47  SCV x2  
  127  8:54  Siege Tank x2  
  127  8:55  Starport Reactor, Hellion  
  131  8:56  Hellion  
  131  8:58  SCV  
  131  9:01  SCV x2  
  135  9:04  Supply Depot  
  135  9:05  Supply Depot  
  135  9:11  Factory  
  135  9:13  SCV x2  
  135  9:14  Factory  
  137  9:18  Hellion  
  137  9:19  Hellion  
  137  9:24  SCV  
  142  9:25  SCV x2  
  142  9:26  Thor x2  
  156  9:32  Supply Depot x2  
  156  9:36  SCV  
  157  9:40  Hellion  
  157  9:43  Hellion  
  161  9:48  Viking  
  161  9:50  Viking  
  165  9:56  Supply Depot  
  165  10:01  Hellion  
  165  10:05  Factory Reactor  
  165  10:06  Factory Tech Lab  
  167  10:08  Hellion  
  167  10:09  Thor x2  
  181  10:19  Supply Depot  
  181  10:22  Hellion  
  181  10:28  Infernal Pre-Igniter  
  183  10:30  Thor  
  183  10:31  Viking  
  183  10:32  Viking  
  166  10:48  Hellion x2  
  166  10:49  Hellion x2  
  170  10:52  Siege Tank x2  
  176  11:01  Viking x2  
  158  11:31  Viking x2  
Show
View Real Time Build Order
Export as new Build Order

K.I.-1 (Extrem) Zerg - Winner!

Build Orders: Hatch First 

Get SALT Encoding   

  12  0:00  Drone  
  13  0:12  Overlord  
  13  0:17  Drone  
  14  0:31  Drone x2  
  14  0:34  Drone  
  17  0:55  Hatchery  
  17  0:57  Drone  
  17  1:13  Spawning Pool  
  17  1:15  Drone  
  17  1:19  Extractor  
  17  1:20  Drone  
  17  1:25  Drone  
  18  1:28  Drone  
  19  1:38  Overlord  
  19  1:49  Drone  
  20  2:00  Zergling x2  
  21  2:02  Queen  
  21  2:07  Drone  
  24  2:14  Queen  
  26  2:19  Drone  
  27  2:33  Roach Warren  
  27  2:36  Drone  
  27  2:42  Overlord  
  27  2:45  Extractor  
  27  2:47  Drone  
  27  2:50  Drone  
  28  2:53  Drone  
  28  2:57  Drone  
  30  3:00  Drone  
  30  3:04  Drone  
  32  3:07  Zergling x2  
  32  3:10  Zergling x2  
  34  3:15  Roach  
  38  3:20  Roach  
  38  3:24  Roach  
  40  3:28  Roach  
  40  3:30  Drone  
  40  3:33  Drone  
  44  3:38  Overlord  
  44  3:46  Lair  
  44  3:50  Metabolic Boost  
  44  3:56  Overlord  
  44  3:58  Drone  
  44  4:01  Drone  
  46  4:03  Drone  
  46  4:06  Zergling x2  
  46  4:09  Zergling x2  
  49  4:10  Drone  
  41  4:17  Drone  
  41  4:23  Zergling x2  
  42  4:27  Drone  
  42  4:29  Drone  
  44  4:32  Drone  
  44  4:35  Drone  
  44  4:37  Drone  
  47  4:41  Zergling x2  
  47  4:43  Zergling x2  
  49  4:46  Zergling x2  
  50  4:54  Evolution Chamber, Drone  
  50  4:58  Evolution Chamber  
  50  4:59  Drone  
  50  5:01  Drone  
  50  5:04  Roach  
  53  5:08  Roach  
  53  5:11  Overlord  
  55  5:18  Hydralisk Den  
  54  5:22  Drone  
  54  5:24  Drone  
  54  5:26  Drone  
  57  5:29  Drone  
  57  5:30  Drone  
  57  5:35  Overlord  
  59  5:36  Drone  
  59  5:39  Drone  
  59  5:41  Drone  
  62  5:43  Drone  
  62  5:45  Drone  
  62  5:46  Drone  
  62  5:48  Hydralisk  
  67  5:52  Hydralisk  
  67  5:53  Overlord  
  67  5:55  Drone  
  70  5:57  Drone  
  70  5:59  Drone  
  70  6:00  Drone  
  70  6:02  Drone  
  74  6:10  Infestation Pit  
  73  6:12  Drone  
  73  6:14  Overlord, Overseer  
  73  6:17  Roach  
  76  6:19  Roach  
  76  6:22  Roach  
  76  6:24  Roach  
  82  6:32  Overlord, Zerg Missile Weapons Level 1, Zerg Melee Weapons Level 1  
  82  6:40  Evolution Chamber  
  82  6:44  Hatchery  
  82  6:46  Infestor  
  82  6:57  Extractor  
  82  7:00  Extractor  
  80  7:02  Infestor, Drone  
  80  7:06  Zerg Ground Armor Level 1  
  83  7:15  Drone, Spine Crawler  
  83  7:16  Ravager  
  83  7:19  Drone x3  
  83  7:20  Overlord  
  83  7:21  Roach  
  83  7:22  Drone  
  90  7:23  Drone x2  
  90  7:29  Ravager  
  93  7:32  Roach  
  93  7:36  Hydralisk  
  97  7:39  Overlord  
  97  7:40  Hydralisk  
  99  7:45  Spine Crawler  
  99  7:46  Drone  
  99  7:54  Infestor  
  99  7:56  Drone x2  
  99  7:57  Drone x4  
  99  7:58  Overlord, Drone  
  108  8:04  Drone  
  109  8:06  Drone x2  
  109  8:07  Extractor, Drone x2  
  109  8:08  Drone  
  112  8:16  Drone  
  112  8:17  Drone  
  112  8:18  Drone  
  115  8:26  Overlord, Pathogen Glands  
  115  8:27  Extractor, Infestor, Drone x2  
  115  8:28  Zergling x2  
  115  8:30  Drone  
  116  8:38  Zergling x6, Zerg Missile Weapons Level 2  
  116  8:39  Drone  
  116  8:41  Drone  
  116  8:49  Drone x2  
  116  8:52  Drone  
  94  8:58  Roach, Zergling x2, Drone  
  94  9:00  Zergling x2, Roach  
  101  9:04  Roach  
  101  9:09  Zergling x2  
  102  9:10  Roach x2  
  102  9:11  Roach, Drone  
  102  9:14  Zergling x2  
  110  9:21  Roach  
  110  9:22  Roach, Neural Parasite, Ravager x2  
  116  9:25  Roach  
  118  9:32  Roach, Zergling x2  
  118  9:34  Spore Crawler  
  118  9:35  Zerg Melee Weapons Level 2  
  118  9:36  Zergling x2  
  118  9:37  Queen  
  123  9:39  Spore Crawler  
  123  9:41  Overlord, Roach x2  
  123  9:43  Roach  
  123  9:44  Drone  
  129  9:46  Hydralisk  
  129  9:49  Queen  
  133  9:53  Hydralisk  
  133  9:54  Infestor  
  137  10:00  Overlord, Spine Crawler  
  137  10:04  Drone  
  137  10:06  Spine Crawler  
  136  10:07  Drone  
  136  10:08  Spine Crawler  
  136  10:17  Hydralisk  
  136  10:18  Overlord  
  136  10:20  Hydralisk  
  140  10:27  Queen  
  142  10:30  Spine Crawler  
  142  10:31  Spore Crawler  
  142  10:32  Zergling x2, Spine Crawler  
  142  10:33  Roach, Drone  
  142  10:34  Hydralisk  
  142  10:35  Roach  
  144  10:37  Overlord, Zergling x4  
  106  10:43  Roach x2  
  106  10:44  Zergling x2, Roach x2  
  106  10:48  Zergling x2  
  105  10:54  Roach  
  105  10:55  Zergling x2  
  105  10:56  Zergling x4, Spore Crawler  
  106  10:57  Spore Crawler  
  106  10:58  Zergling x2  
  106  10:59  Lurker Den  
  86  11:05  Drone  
  86  11:07  Drone  
  86  11:09  Drone  
  73  11:12  Drone x3  
  73  11:15  Ravager x2  
  73  11:16  Roach, Infestor, Drone x2  
  66  11:21  Hydralisk  
  55  11:33  Zergling x2  
  55  11:36  Zergling x2  
  57  11:41  Roach  
  57  11:44  Overseer  
  59  11:47  Roach  
  59  11:51  Roach  
  58  11:56  Hydralisk  
  58  12:00  Zergling x2  
  45  12:04  Roach  
  45  12:06  Zergling x2  
Tags
 
Add a new tag
Caveats
  • Supply blocks, unpowered buildings, or Contaminate may cause inaccurate times.
  • Supply counts are checked every 10 seconds.